 Dungeon Crawl Stone Soup version 0.25-a0-310-g60f0ac2d9a (webtiles) character file.

Game seed: 8662670101251161584, levelgen mode: classic

299 Borgoz the Slasher (level 6, -8/38 HPs)
             Began as a Gargoyle Gladiator on Dec 23, 2019.
             Mangled by an ogre
             ... wielding a +0 giant club
              (27 damage)
             ... on level 3 of the Dungeon.
             The game lasted 00:04:26 (3071 turns).

Borgoz the Slasher (Gargoyle Gladiator)             Turns: 3071, Time: 00:04:27

Health: -8/38      AC:  8    Str: 17    XL:     6   Next: 36%
Magic:  6/6        EV: 13    Int:  9    God:
Gold:   170        SH:  0    Dex: 13    Spells: 5/5 levels left

rFire    . . .     SeeInvis .   a - +0 long sword
rCold    . . .     Gourm    .   (no shield)
rNeg     + . .     Faith    .   b - +0 leather armour
rPois    ∞         Spirit   .   c - +0 helmet
rElec    +         Reflect  .   (no cloak)
rCorr    .         Harm     .   (no gloves)
MR       .....                  (no boots)
Stlth    +.........             (no amulet)
HPRegen  0.12/turn              (no ring)
MPRegen  0.10/turn              (no ring)

@: no status effects
A: negative energy resistance 1, electricity resistance, unbreathing,
petrification resistance, rot immunity, AC +4
a: no special abilities


You were on level 3 of the Dungeon.
You were not hungry.

You visited 1 branch of the dungeon, and saw 4 of its levels.
You also visited: Sewer.

You collected 170 gold pieces.

Inventory:

Hand Weapons
 a - a +0 long sword (weapon)
Missiles
 d - 3 throwing nets (quivered)
Armour
 b - a +0 leather armour (worn)
 c - a +0 helmet (worn)
Jewellery
 j - an uncursed amulet of guardian spirit {unknown}
Scrolls
 e - 3 scrolls of enchant weapon {unknown}
 g - a scroll of enchant armour {unknown}
 h - 2 scrolls of fear {unknown}
 i - 3 scrolls of remove curse {unknown}
 k - a scroll of noise {unknown}
 l - 3 scrolls of identify
 n - a scroll of immolation {unknown}
 q - a scroll of teleportation {unknown}
 r - a scroll of fog {unknown}
Potions
 m - 3 potions of might {unknown}
 o - a potion of magic {unknown}
 p - a potion of lignification {unknown}
 s - 3 potions of flight
 t - a potion of heal wounds
Comestibles
 f - 3 rations
 u - 3 chunks of flesh


   Skills:
 + Level 3.7 Fighting
 * Level 4.4 Long Blades
 - Level 1.7 Throwing
 + Level 2.7 Armour
 + Level 3.3 Dodging


You had 5 spell levels left.
You didn't know any spells.
Your spell library was empty.

Dungeon Overview and Level Annotations

Branches:
Dungeon (4/15)              Sewer (visited)
 Temple: D:4-7

Altars:
Sif Muna

Annotations:
D:3 2 transporters, Lanoc's ghost, amateur DECK


Innate Abilities, Weirdness & Mutations

You are resistant to torment.
Your stone body is resilient. (AC +4)
You are immune to poison.
You resist negative energy. (rN+)
You are resistant to electric shocks. (rElec)
You can survive without breathing.
You are immune to petrification.
You are immune to rotting.


Message History

The ogre hits you with a +0 giant club!
The giant cockroach bites you but does no damage.
You hit the ogre.
The ogre is lightly wounded.
The ogre misses you.
You riposte.
You hit the ogre.
The ogre is moderately wounded.
The giant cockroach barely misses you.
You hit the ogre but do no damage.
The ogre is moderately wounded.
The giant cockroach closely misses you. The ogre closely misses you.
You barely miss the ogre.
The ogre is moderately wounded.
The giant cockroach closely misses you. The ogre completely misses you.
The giant cockroach bites you but does no damage.
You barely miss the ogre.
The ogre is moderately wounded.
The giant cockroach closely misses you.
The ogre hits you with a +0 giant club!!
Ouch! That really hurt!
You die...

.# #........# #.# ## ###......#
#.# #####..# #.. #..# #### ######
#..# #... ##....# #..# #.##
#...#.# #..#########.#
#≈≈≈#.#########............#
#####≈≈≈#......O@s....#######..##
....#≈≈≈###.###.÷÷....# #....
#####≈≈≈# #)# #.###.### #.###
#≈.≈# #.# #.# #.# #.# #≈≈≈# #.#
#.# #[# #.# #≈≈≈# #(###.# #.# #.#
#≈≈≈###.....# #.# #.#
#≈≈≈#.(..#### #.# #.#
#...#.#..######.# #.#


You could see an ogre and a giant cockroach.

Vanquished Creatures
  A big kobold (Sewer)
  2 hounds (D:3)
  An orc wizard (D:3)
  3 adders (D:3)
  2 river rats (Sewer)
  2 worms
  2 dart slugs
  3 leopard geckos (D:3)
  3 orcs (D:3)
  8 giant cockroaches
  9 goblins
  5 hobgoblins
  4 jackals (D:3)
  A quokka (D:3)
  11 bats
  9 frilled lizards
  12 kobolds
  13 rats
91 creatures vanquished.

Notes
Turn   | Place    | Note
-------+----------+-------------------------------------------
     0 | D:1      | Borgoz the Gargoyle Gladiator began the quest for the Orb.
     0 | D:1      | Reached XP level 1. HP: 12/12 MP: 1/1
   227 | D:1      | You fall into a shaft and drop 1 floor!
   309 | D:1      | Reached XP level 2. HP: 14/18 MP: 2/2
   417 | D:1      | Reached skill level 3 in Long Blades
   638 | D:1      | Reached skill level 1 in Armour
   707 | D:1      | Reached XP level 3. HP: 19/22 MP: 3/3
  1800 | D:3      | Reached XP level 4. HP: 22/27 MP: 4/4
  1915 | D:3      | Found a transporter.
  1933 | D:3      | Found a shimmering blue altar of Sif Muna.
  1955 | D:3      | Noticed Lanoc's ghost (amateur DECK)
  1956 | D:3      | Noticed an ogre
  2188 | D:3      | Found a glowing drain.
  2212 | Sewer    | Entered a sewer
  2221 | Sewer    | Reached XP level 5. HP: 15/32 MP: 5/5
  2435 | Sewer    | Noticed a big kobold
  2450 | Sewer    | Killed a big kobold
  2450 | Sewer    | Reached skill level 4 in Long Blades
  2521 | Sewer    | Found a white marble altar of Elyvilon.
  2627 | D:3      | Reached XP level 6. HP: 37/37 MP: 6/6
  3018 | D:3      | Found a transporter.
  3071 | D:3      | Mangled by an ogre

Levels and vault maps discovered:
D:1:      minmay_arrival_split_and_join, layout_loops_corners
D:2:      minmay_wonky_spiral, layout_rooms
D:3:      layout_loops_ring, marbit_many_paths, portal_sewer_entry_f,
          gammafunk_ghost_smash
D:4:      layout_basic, first_ration, uniq_crazy_yiuf_cottage

Skill      XL: |  1  2  3  4  5 |
---------------+----------------+-----
Long Blades    | 3 4 |  4.4
Armour         | 1 2 |  2.7
Fighting       | 3 |  3.7
Dodging        | 3 |  3.3
Throwing       | |  1.7

Action                   |  1- 3 |  4- 6 || total
-------------------------+-------+-------++-------
Melee: Long sword        |   179 |   119 ||   298
  Use: Scroll            |       |     2 ||     2
       Potion            |       |     1 ||     1
 Stab: Sleeping          |     1 |       ||     1
  Eat: Chunk             |     3 |     5 ||     8
Armor: Leather armour    |    97 |    69 ||   166
Dodge: Dodged            |   174 |   100 ||   274
       Rpst.: Long sword |    50 |    35 ||    85

Table legend:
 A = Non-vault XP
 B = Vault XP
 C = Vault XP percentage of total XP
 D = Non-vault monster count
 E = Vault monster count
 F = Vault count percentage of total count
                 A         B        C        D         E       F
            +---------+---------+-------+---------+---------+-------
      Total |     279 |     149 |  34.8 |      75 |      16 |  17.6
            +---------+---------+-------+---------+---------+-------
        D:1 |      41 |       0 |   0.0 |      28 |       0 |   0.0
        D:2 |      34 |       4 |  10.5 |      20 |       2 |   9.1
        D:3 |     204 |      13 |   6.0 |      27 |       6 |  18.2
      Sewer |       0 |     132 | 100.0 |       0 |       8 | 100.0
            +---------+---------+-------+---------+---------+-------
